 Seeded DCSS version 0.30-b1-5-g8e6c1be481 (webtiles) character file.

Game seed: 1 (custom seed)

130 Kazon the Chiller (level 5, 0/36 HPs)
             Began as a Merfolk Ice Elementalist on May 3, 2023.
             Slain by a gnoll
             ... wielding a +0 flail
              (7 damage)
             ... on level 3 of the Dungeon.
             The game lasted 00:16:11 (1797 turns).

Kazon the Chiller (Merfolk Ice Elementalist)        Turns: 1797, Time: 00:16:11

Health: 0/36       AC:  7    Str: 10    XL:     5   Next: 13%
Magic:  6/8        EV:  9    Int: 15    God:
Gold:   147        SH:  0    Dex: 14    Spells: 2/9 levels left

rFire   . . .        e - +2 dagger (venom)
rCold   . . .        (no shield)
rNeg    . . .        x - +0 scale mail
rPois   .            u - +0 hat
rElec   .            (no cloak)
rCorr   .            (no gloves)
SInv    .            (no boots)
Will    .....        (no amulet)
Stlth   +            o - ring of wizardry
HPRegen 0.26/turn    (no ring)
MPRegen 0.11/turn

%: wizardry (x1)
@: ice-armoured
A: (nimble swimmer 2), mertail
a: no special abilities


You were on level 3 of the Dungeon.
You visited 1 branch of the dungeon, and saw 3 of its levels.

You collected 147 gold pieces.

Inventory:

Hand Weapons
 e - a +2 dagger of venom (weapon)
 k - a +4 spear
Missiles
 c - a stone
 g - 2 poisoned darts (quivered)
 s - 2 boomerangs
Armour
 a - a +0 robe
 u - a +0 hat (worn)
 x - a +0 scale mail (worn)
Jewellery
 o - a ring of wizardry (left hand)
Scrolls
 d - a scroll of silence {unknown}
 f - 5 scrolls of identify
 j - a scroll of vulnerability {unknown}
 l - a scroll of magic mapping {unknown}
 m - a scroll of fear {unknown}
 p - a scroll of blinking {unknown}
 r - a scroll of poison {unknown}
 w - a scroll of immolation {unknown}
Potions
 b - a potion of magic
 h - a potion of mutation {unknown}
 i - a potion of ambrosia {unknown}
 n - 2 potions of haste {unknown}
 q - 2 potions of heal wounds {unknown}
 t - a potion of lignification {unknown}
 v - a potion of curing


   Skills:
 + Level 0.7 Fighting
 + Level 1.9 Short Blades
 + Level 1.2 Polearms
 + Level 0.5 Throwing
 + Level 3.0 Dodging
 + Level 3.0 Stealth
 + Level 2.5 Spellcasting
 + Level 5.3 Ice Magic


You had 2 spell levels left.
You knew the following spells:

 Your Spells              Type           Power      Damage    Failure   Level
a - Freeze                Ice            72%        1d8       7%          1
b - Ozocubu's Armour      Ice            18%        N/A       21%         3
c - Vampiric Draining     Necr           1%         2d6       86%         3

Your spell library contained the following spells:

 Spells                   Type           Power      Damage    Failure   Level
 Slow                     Hex            4%         N/A       50%         1
 Frozen Ramparts          Ice            36%        1d6       21%         3
 Confusing Touch          Hex            1%         N/A       86%         3
 Dazzling Flash           Conj/Hex       2%         N/A       86%         3
 Volatile Blastmotes      Fire/Tloc      2%         2d10      86%         3
 Summon Ice Beast         Ice/Summ       9%         N/A       87%         4
 Iskenderun's Mystic Bla  Conj/Tloc      1%         2d3       99%         4
 Starburst                Conj/Fire      0%         6d3       100%        6


Dungeon Overview and Level Annotations

Branches:
Dungeon (3/15)

Altars:

Shops:
D:3 [


Innate Abilities, Weirdness & Mutations

((You are very nimble when in or above water. (Stealth+, EV+, Speed+++)))
Your lower body shifts to a powerful aquatic tail in water.


Message History

You hit the gnoll.
The gnoll looks even sicker.
The gnoll is lightly wounded.
You hit the gnoll.
The gnoll looks as sick as possible!
The gnoll is heavily wounded.
The gnoll hits you with a +0 flail.
You hit the gnoll.
The gnoll looks as sick as possible!
The gnoll is severely wounded.
The gnoll hits you with a +0 flail.
Unknown command.
You hit the gnoll.
You kill the gnoll!
Your Dodging skill increases to level 3!
You closely miss the hobgoblin.
The hobgoblin hits you but does no damage.
You hit the hobgoblin but do no damage.
The hobgoblin is poisoned.
The hobgoblin hits you but does no damage.
You hit the hobgoblin.
The hobgoblin looks as sick as possible!
The hobgoblin is heavily wounded.
The hobgoblin hits you but does no damage.
You hit the hobgoblin.
You kill the hobgoblin!
You hit the gnoll.
The gnoll is poisoned.
You punch the gnoll, but do no damage.
The gnoll is lightly wounded.
The gnoll hits you with a +0 flail. The gnoll barely misses you.
You completely miss the gnoll.
The gnoll is moderately wounded.
The gnoll hits you from afar with a +0 halberd!
The gnoll hits you with a +0 flail.
An ice beast comes into view.
You barely miss the gnoll.
The gnoll is moderately wounded.
Unknown command.
You barely miss the gnoll.
The gnoll is moderately wounded.
The gnoll hits you from afar with a +0 halberd.
* * * LOW HITPOINT WARNING * * *
The gnoll hits you with a +0 flail!
You die...

#.~~ ♣~.# ..~.~♣♣♣♣♣~~
..~~~~~~♣~~# ...~P.~~~~P# .....
......~~.~.# #.#.# .........P.#
.......
...........#########...##.#.#
.......Y...(gg@......# #.#.# #
..........######.##### #.#.##.
.........## #..>######.#....
..#.....##.......#....#......#
####### .##########<..##.#.#
###########.....#.#
############.#........##..^###.##
##...........#.#####.###..## #..#
......########.# ##.##...## ##.#


You could see an ice beast and 2 gnolls.

Vanquished Creatures
  3 adders (D:2)
  4 gnolls (D:3)
  2 dart slugs
  An orc (D:3)
  7 bats
  3 endoplasms (D:1)
  3 giant cockroaches
  6 goblins
  8 hobgoblins
  3 quokkas
  6 ball pythons
  A frilled lizard (D:1)
  4 kobolds
  7 rats
58 creatures vanquished.

Vanquished Creatures (others)
  17 plants (D:3)
17 creatures vanquished.

Grand Total: 75 creatures vanquished

Notes
Turn   | Place    | Note
-------+----------+-------------------------------------------
     0 | D:1      | Kazon the Merfolk Ice Elementalist began the quest for the
                  | Orb.
     0 | D:1      | Reached XP level 1. HP: 13/13 MP: 3/3
    92 | D:1      | Found a faded altar of an unknown god.
   290 | D:1      | Reached XP level 2. HP: 16/19 MP: 5/5
   478 | D:1      | Reached skill level 5 in Ice Magic
   639 | D:1      | Reached XP level 3. HP: 24/24 MP: 6/6
   734 | D:2      | Reached skill level 1 in Short Blades
   898 | D:2      | Reached XP level 4. HP: 24/30 MP: 4/7
  1044 | D:2      | Learned a level 3 spell: Ozocubu's Armour
  1388 | D:3      | Found Pazuischa's Antique Armour Shoppe.
  1404 | D:3      | Reached skill level 1 in Polearms
  1617 | D:3      | Reached XP level 5. HP: 36/36 MP: 5/8
  1742 | D:3      | Learned a level 3 spell: Vampiric Draining
  1795 | D:3      | Noticed an ice beast
  1797 | D:3      | Slain by a gnoll

Illustrated notes

Levels and vault maps discovered:
D:1:      dpeg_arrival_snail, layout_loops_ring, nicolae_ecumenical_lake_church,
          amethyst_killhole
D:2:      layout_rooms, st_stairs_9
D:3:      layout_rooms, serial_shops, shop, serial_bayou_pond_c,
          kennysheep_generic_room_14

Skill      XL: |  1  2  3  4  5 |
---------------+----------------+-----
Ice Magic      | 5 |  5.3
Short Blades   | 1 |  1.9
Stealth        | 3 |  3.0
Polearms       | 1 |  1.2
Dodging        | 3 |  3.0
Fighting       | |  0.7
Throwing       | |  0.5
Spellcasting   | |  2.5

Action                     |  1- 3 |  4- 6 || total
---------------------------+-------+-------++-------
  Melee: Dagger            |    41 |    39 ||    80
         Spear             |    15 |    27 ||    42
         Punch             |       |     2 ||     2
  Throw: Stone             |    13 |     4 ||    17
         Dart              |       |     6 ||     6
   Cast: Freeze            |    10 |     5 ||    15
         Ozocubu's Armour  |       |     3 ||     3
    Use: Scroll            |       |     1 ||     1
   Stab: Sleeping          |     8 |     1 ||     9
 Armour: Robe              |     3 |     9 ||    12
         Scale mail        |       |     4 ||     4
  Dodge: Dodged            |    21 |    34 ||    55
